 Dungeon Crawl Stone Soup version 0.28.0-43-g3370ac3207 (webtiles) character file.

Game seed: 8341893441689190240

12560 IBeShadow the Carver (level 11, -1/93 HPs)
             Began as a Barachi Delver on Mar 22, 2022.
             Was a Believer of Wu Jian.
             Slain by a freezing wraith (10 damage)
             ... in an ice cave on Mar 24, 2022.
             The game lasted 00:43:40 (13509 turns).

IBeShadow the Carver (Barachi Delver)              Turns: 13509, Time: 00:43:43

Health: -1/93      AC: 18    Str: 19    XL:     11   Next: 95%
Magic:  11/11      EV:  8    Int: 11    God:    Wu Jian [**....]
Gold:   439        SH:  7    Dex: 12    Spells: 10/10 levels left

rFire   x . .      SeeInvis +   P - +0 falchion (flame)
rCold   + + .      Faith    .   b - +2 buckler of the Desolation of Salt {rElec rN+}
rNeg    + . .      Spirit   .   B - +0 plate armour
rPois   .          Reflect  .   (no helmet)
rElec   +          Harm     .   m - +2 cloak
rCorr   .          Rampage  .   o - +0 pair of gloves
Will    ++...                   (no boots)
Stlth   ..........              i - amulet of No Interval {Acrobat Will++ Str+2 Dex-2 SInv}
HPRegen 0.25/turn               p - ring of protection from cold
MPRegen 0.12/turn               A - ring of ice

@: unable to hop, slow
A: amphibious, slowness 1, strong legs 1, +LOS
a: Hop, Renounce Religion, Wall Jump


You were in an ice cave.
You worshipped Wu Jian.
Wu Jian was pleased with you.
You visited 3 branches of the dungeon, and saw 12 of its levels.
You also visited: Ice Cave.

You collected 509 gold pieces.
You spent 70 gold pieces at shops.

Inventory:

Hand Weapons
 u - a +1 vorpal hunting sling
 v - a +3 falchion of electrocution
 P - a +0 falchion of flaming (weapon)
Armour
 b - the +2 buckler of the Desolation of Salt (worn) {rElec rN+}
   (You acquired it on level 5 of the Dungeon)

   rElec:     It insulates you from electricity.
   rN:        It protects you from negative energy.
 m - a +2 cloak (worn)
 o - a +0 pair of gloves (worn)
 s - an orb of light
 B - a +0 plate armour (worn)
Magical Staves
 j - a staff of fire
Jewellery
 i - the amulet of No Interval (around neck) {Acrobat Will++ Str+2 Dex-2 SInv}
   (You acquired it on level 5 of the Dungeon)

   [amulet of the acrobat]

   It increases your evasion while moving and waiting.
   Str:       It affects your strength (+2).
   Dex:       It affects your dexterity (-2).
   SInv:      It lets you see invisible.
   Will:      It greatly increases your willpower.
 p - a ring of protection from cold (left hand)
 A - a ring of ice (right hand)
 I - a ring of ice
Wands
 g - a wand of digging (1)
 k - a wand of flame (2)
 O - a wand of paralysis (2)
Scrolls
 c - 2 scrolls of fog
 d - a scroll of magic mapping
 e - a scroll of fear
 q - 3 scrolls of teleportation
 x - 2 scrolls of amnesia
 y - a scroll of enchant weapon
 z - a scroll of vulnerability {unknown}
 C - a scroll of immolation {unknown}
 E - 2 scrolls of noise {unknown}
 K - a scroll of holy word {unknown}
 L - a scroll of enchant armour {unknown}
Potions
 f - 2 potions of haste
 h - 3 potions of flight
 l - 2 potions of might
 n - a potion of mutation {unknown}
 r - 2 potions of cancellation
 t - 3 potions of invisibility
 D - 2 potions of attraction
 F - a potion of heal wounds {unknown}
 H - 2 potions of brilliance {unknown}
 J - a potion of lignification {unknown}
 N - a potion of curing {unknown}


   Skills:
 + Level 11.1 Fighting
 - Level 14.0 Long Blades
 + Level 8.1 Armour
 + Level 7.7 Dodging
 - Level 5.0 Stealth
 - Level 6.4 Shields
 + Level 2.9 Evocations


You had 10 spell levels left.
You didn't know any spells.
Your spell library contained the following spells:

 Spells                   Type           Power      Damage    Failure   Level
 Gell's Gravitas          Tloc           0%         N/A       100%        3
 Teleport Other           Tloc           0%         N/A       100%        3
 Dispersal                Tloc           0%         N/A       100%        6


Dungeon Overview and Level Annotations

Branches:
Dungeon (10/15)            Temple (1/1) D:6            Lair (1/6) D:9
    Orc (0/2) D:9           IceCv (1/1)

Altars:
Ashenzari
Cheibriados
Dithmenos
Elyvilon
Fedhas
Gozag
Hepliaklqana
Kikubaaqudgha
Makhleb
Nemelex Xobeh
Okawaru
Qazlal
Ru
Sif Muna
Trog
Uskayaw
Vehumet
Wu Jian
Xom
Yredelemnul
Zin
The Shining One
Beogh

Shops:
D:1 ?


Innate Abilities, Weirdness & Mutations

You are amphibious.
You cover ground slowly.
You can hop short distances.
You have an extended range of vision and can be seen from far away.


Message History

The freezing wraith hits you but does no damage.
The freezing wraith barely misses you. The freezing wraith hits you!
* * * LOW HITPOINT WARNING * * *
The freezing wraith freezes you. You resist.
* * * LOW HITPOINT WARNING * * *
The freezing wraith barely misses you.
The freezing wraith hits you but does no damage. x2
The freezing wraith hits you.
* * * LOW HITPOINT WARNING * * *
The freezing wraith freezes you. You resist.
* * * LOW HITPOINT WARNING * * *
The freezing wraith hits you but does no damage.
The freezing wraith closely misses you.
The freezing wraith hits you but does no damage. x2
The freezing wraith completely misses you.
The freezing wraith hits you but does no damage.
The freezing wraith barely misses you.
Press: ? - help, v - describe, . - travel
Here: a freezing wraith (severely damaged)
The floor, spattered with blood.
Unknown command.
Okay, then.
Hop to where?
Press: ? - help, Dir - move target Boing!
Unknown command.
Okay, then.
Okay, then.
Okay, then.
Unknown command.
You can't see any enemies this would affect, really read the scroll of fear?
Okay, then.
Okay, then.
It was a potion of cancellation.
Your magical effects are unravelling.
You feel magically purged.
You feel yourself speed up.
The freezing wraith hits you but does no damage. x2
You block the freezing wraith's attack. The freezing wraith hits you!
You die...

.Z.4...
##...........#
Z5...
##...##########
...## #...## #..##
#..## ###..# ##..##
###...## ##..#
###....##
####..####
##....###
##.#....#.##
###...###
##W@........##
##.45###
##○W..........#
...###
####.............#
..##
##...............##
.###
##....###........##
...## #...###
###...#### ....##
#..## #####
.#...###...#
###...###..##


You could see 2 freezing wraiths.

Vanquished Creatures
  A two-headed ogre (D:9)
  Pikel (D:6)
  A cane toad (Lair:1)
  Psyche (D:8)
  3 ice devils (IceCv)
  A freezing wraith (IceCv)
  An anaconda simulacrum (IceCv)
  2 entropy weaver simulacra (IceCv)
  A hornet (D:10)
  A shadow (D:7)
  A dire elephant simulacrum (IceCv)
  12 yaks
  Eustachio (D:5)
  4 wyverns
  3 death yak simulacra (IceCv)
  2 steam dragons (D:8)
  A harpy simulacrum (IceCv)
  Edmund (D:4)
  2 water moccasins
  3 black bears
  9 orc warriors
  A sky beast (D:8)
  4 ice beasts
  3 necrophages
  4 ogres
  3 centaurs
  3 lemures (D:6)
  A kobold brigand (D:7)
  2 bullfrogs (D:7)
  A two-headed ogre simulacrum (IceCv)
  A wyvern zombie (D:6)
  3 cane toad simulacra (IceCv)
  4 scorpions
  12 killer bees
  3 elephant simulacra (IceCv)
  3 howler monkeys (D:9)
  3 centaur zombies
  A hound (D:5)
  3 jellies (D:4)
  9 orc priests
  Crazy Yiuf (D:6)
  3 iguanas
  12 orc wizards
  2 troll simulacra (IceCv)
  A polar bear simulacrum (IceCv)
  A wolf simulacrum (IceCv)
  A howler monkey zombie (D:6)
  4 gnolls (D:6)
  8 adders
  14 white imps
  3 ufetubi
  A worm (D:2)
  5 dart slugs
  56 orcs
  12 endoplasms
  2 giant cockroaches
  9 hobgoblins
  4 jackals (D:2)
  4 quokkas
  5 ball pythons
  4 bats
  2 frilled lizards
  5 goblins
  18 kobolds
  7 rats
300 creatures vanquished.

Vanquished Creatures (others)
  A swamp drake (D:9)
  2 orcs
  A plant (Lair:1)
  8 toadstools (D:4)
12 creatures vanquished.

Grand Total: 312 creatures vanquished

Notes
Turn   | Place    | Note
-------+----------+-------------------------------------------
     0 | D:5      | IBeShadow the Barachi Delver began the quest for the Orb.
     0 | D:5      | Reached XP level 1. HP: 18/18 MP: 1/1
     0 | D:5      | Noticed a necrophage
     6 | D:5      | Noticed a scorpion
   124 | D:3      | Noticed an ogre
   317 | D:3      | Reached XP level 2. HP: 25/25 MP: 2/2
   597 | D:3      | Killed an ogre
   598 | D:3      | Reached skill level 4 in Long Blades
   598 | D:3      | Reached XP level 3. HP: 32/32 MP: 3/3
   598 | D:3      | Reached XP level 4. HP: 38/38 MP: 4/4
   788 | D:2      | Reached skill level 5 in Fighting
   836 | D:2      | Reached skill level 5 in Stealth
   836 | D:2      | Reached XP level 5. HP: 40/44 MP: 5/5
  1080 | D:2      | Found an ornate altar of the Wu Jian Council.
  2215 | D:1      | Reached skill level 1 in Armour
  2219 | D:1      | Found Quheyh's Magic Scroll Boutique.
  2228 | D:1      | Found a faded altar of an unknown god.
  2229 | D:1      | Bought a scroll of teleportation for 42 gold pieces
  2229 | D:1      | Bought a scroll of identify for 28 gold pieces
  2835 | D:4      | Noticed Edmund
  2941 | D:4      | Reached skill level 5 in Long Blades
  2941 | D:4      | Reached XP level 6. HP: 49/52 MP: 6/6
  3050 | D:4      | Killed Edmund
  3523 | D:4      | Reached XP level 7. HP: 58/58 MP: 7/7
  3667 | D:4      | Reached skill level 6 in Long Blades
  3814 | D:5      | Noticed Eustachio
  3966 | D:5      | Killed Eustachio
  3982 | D:4      | Reached skill level 7 in Long Blades
  3982 | D:4      | Reached XP level 8. HP: 46/65 MP: 8/8
  4286 | D:5      | Reached skill level 8 in Long Blades
  4508 | D:5      | Identified 2 scrolls of acquirement
  4511 | D:5      | Acquired the +2 buckler of the Desolation of Salt {rElec
                  | rN+}
  4550 | D:5      | Acquired the amulet of No Interval {Acrobat Will++ Str+2
                  | Dex-2 SInv}
  4573 | D:6      | Found a staircase to the Ecumenical Temple.
  4579 | Temple   | Entered the Ecumenical Temple
  5048 | Temple   | Became a worshipper of the Wu Jian Council
  5186 | D:6      | Reached skill level 1 in Shields
  5200 | D:6      | Reached XP level 9. HP: 46/72 MP: 9/9
  5395 | D:6      | Reached skill level 9 in Long Blades
  5714 | D:6      | Noticed Pikel
  6113 | D:6      | Found a runed translucent door.
  6114 | D:6      | Noticed Crazy Yiuf
  6315 | D:6      | Killed Pikel
  6316 | D:6      | Reached skill level 10 in Long Blades
  6316 | D:6      | Reached skill level 5 in Shields
  6534 | D:6      | Killed Crazy Yiuf
  6591 | D:7      | Reached * piety under Wu Jian
  6877 | D:7      | Reached XP level 10. HP: 82/82 MP: 10/10
  6967 | D:7      | Reached skill level 11 in Long Blades
  7261 | D:8      | Noticed Psyche
  7272 | D:8      | Killed Psyche
  7281 | D:8      | Reached skill level 5 in Armour
  7292 | D:8      | Reached skill level 5 in Dodging
  8281 | D:7      | Reached skill level 12 in Long Blades
  8426 | D:8      | Reached ** piety under Wu Jian
  8866 | D:9      | Reached skill level 10 in Fighting
  9426 | D:9      | Reached XP level 11. HP: 86/90 MP: 11/11
  9543 | D:9      | Found a blossoming altar of Fedhas.
  9567 | D:9      | Found a staircase to the Lair.
  9956 | D:9      | Found a staircase to the Orcish Mines.
 10325 | D:9      | Reached skill level 13 in Long Blades
 10539 | D:9      | Reached *** piety under Wu Jian
 10639 | D:10     | Entered Level 10 of the Dungeon
 10758 | D:10     | Noticed a two-headed ogre
 11074 | D:9      | Killed a two-headed ogre
 11208 | Lair:1   | Entered Level 1 of the Lair of Beasts
 11220 | Lair:1   | Found a frozen archway.
 11696 | IceCv    | Entered an ice cave
 11985 | IceCv    | Reached skill level 1 in Evocations
 12451 | IceCv    | Found an ancient bone altar of Kikubaaqudgha.
 12496 | IceCv    | Reached skill level 14 in Long Blades
 13026 | IceCv    | HP: 4/93 [freezing wraith (11)]
 13026 | IceCv    | HP: 1/93 [freezing wraith (3)]
 13509 | IceCv    | Slain by a freezing wraith

Illustrated notes

Levels and vault maps discovered:
D:1:      dpeg_arrival_rhombus, layout_basic,
          ebering_ecumenical_altar_abandoned, serial_shops, shop,
          hangedman_decor_opposing
D:2:      layout_basic, basic_altar
D:3:      layout_loops_ring
D:4:      cheibrodos_fertilizer, layout_rooms, minmay_fractal_squares_5,
          uniq_edmund
D:5:      layout_rooms, kennysheep_generic_room_13, uniq_eustachio
D:6:      nicolae_BIG_FREAKIN_CUBE, layout_gridville,
          minmay_temple_entry_crystal_x, uniq_crazy_yiuf_cottage, uniq_pikel
D:7:      layout_gridville
D:8:      layout_cave_pools, dk_noncrumbling_4, kennysheep_generic_room_7,
          uniq_psyche
D:9:      layout_rooms, mainiacjoe_overflow_catwalk, lair_entry_dummy,
          erik_orc_1, special_room [special_room_orc]
D:10:     layout_roguey, serial_shops, nicolae_stop_n_shop_2
Temple:   mainiacjoe_temple_starburst
Lair:1:   layout_roguey, portal_ice_cave_entry_imps
IceCv:    ice_cave_small_necro

Skill      XL: |  1  2  3  4  5  6  7  8  9 10 11 |
---------------+----------------------------------+-----
Fighting       | 4 5 6 7 8 10 11 | 11.1
Long Blades    | 4 5 7 8 10 12 14 | 14.0
Stealth        | 5 |  5.0
Armour         | 1 2 3 4 6 8 |  8.1
Dodging        | 3 4 6 7 |  7.7
Shields        | 2 6 |  6.4
Evocations     | 2 |  2.9

Action                   |  1- 3 |  4- 6 |  7- 9 | 10-12 || total
-------------------------+-------+-------+-------+-------++-------
Melee: Falchion          |    19 |   220 |   303 |   756 ||  1298
Invok: Lunge             |       |       |     9 |    39 ||    48
       Whirlwind         |       |       |       |    94 ||    94
       Serpent's Lash    |       |       |       |    12 ||    12
 Abil: Hop               |     2 |     2 |     3 |    11 ||    18
       Wall Jump         |       |       |       |    19 ||    19
Evoke: Wand              |     6 |       |       |    11 ||    17
  Use: Scroll            |       |     1 |     6 |     7 ||    14
       Potion            |       |       |       |     3 ||     3
 Stab: Sleeping          |       |     4 |     2 |     3 ||     9
       Distracted        |       |       |       |     1 ||     1
       Paralysed         |       |       |       |     4 ||     4
       Confused          |       |       |       |     1 ||     1
Armor: Leather armour    |     4 |    67 |       |       ||    71
       Ring mail         |       |    13 |   114 |    87 ||   214
       Plate armour      |       |       |       |   105 ||   105
Dodge: Dodged            |     8 |   139 |   153 |   250 ||   550
Block: Buckler           |       |       |    51 |   173 ||   224
